Map: Cactus Valley LE (Void)

Players

planetkeeper - Winner!

  • Race: Protoss Protoss
  • League: Grandmaster

IlIIlIlIlIIl

  • Race: Terran Terran
  • League: Grandmaster

VOD

Have the link to the VOD?

Description

Time

  • Played on: June 12, 2015, 7:58 a.m.
  • Length: 13:14
Show
View Real Time Build Order
Export as new Build Order

planetkeeper Protoss - Winner!

Build Orders:  

Get SALT Encoding   

  12  1:02  Probe  
  13  1:07  Pylon  
  13  1:14  Probe (Chrono Boost)  
  13  1:16  Nexus  
  14  1:20  Pylon  
  15  1:26  Probe (Chrono Boost)  
  15  1:30  Forge  
  15  1:35  Probe (Chrono Boost)  
  16  1:44  Probe (Chrono Boost)  
  17  1:49  Gateway  
  17  1:52  Probe (Chrono Boost)  
  18  2:03  Assimilator  
  18  2:04  Probe (Chrono Boost)  
  19  2:10  Probe (Chrono Boost)  
  19  2:13  Pylon  
  20  2:21  Probe (Chrono Boost)  
  22  2:32  Probe (Chrono Boost)  
  22  2:41  Assimilator  
  22  2:42  Probe (Chrono Boost)  
  23  2:44  Cybernetics Core  
  23  2:47  Probe (Chrono Boost)  
  24  2:56  Probe x2 (Chrono Boost)  
  26  3:05  Probe (Chrono Boost)  
  26  3:13  Probe (Chrono Boost)  
  27  3:23  Probe (Chrono Boost)  
  27  3:24  Warp Gate  
  27  3:25  Gateway  
  27  3:26  Gateway  
  28  3:28  Gateway  
  28  3:32  Twilight Council  
  28  3:33  Probe (Chrono Boost)  
  30  3:36  Probe (Chrono Boost)  
  30  3:46  Probe (Chrono Boost)  
  30  3:47  Adept  
  33  3:51  Assimilator  
  33  3:57  Photon Cannon  
  33  3:59  Pylon  
  33  4:01  Probe (Chrono Boost)  
  34  4:07  Mothership Core (Chrono Boost)  
  37  4:12  Probe (Chrono Boost)  
  37  4:16  Adept  
  39  4:20  Adept  
  41  4:24  Probe (Chrono Boost)  
  41  4:27  Assimilator  
  41  4:31  Probe (Chrono Boost)  
  43  4:34  Adept  
  43  4:35  Probe (Chrono Boost)  
  47  4:39  Probe (Chrono Boost)  
  47  4:45  Probe  
  47  4:49  Templar Archives  
  48  4:55  Shield Upgrade  
  48  5:00  Probe (Chrono Boost)  
  48  5:05  Pylon  
  49  5:10  Probe (Chrono Boost)  
  50  5:18  Robotics Facility  
  50  5:24  Pylon  
  50  5:27  Probe (Chrono Boost)  
  50  5:28  Gateway  
  51  5:29  Pylon  
  51  5:33  Pylon  
  51  5:37  Probe (Chrono Boost)  
  51  5:41  Sentry  
  51  5:42  Adept  
  56  5:43  Adept x2, Pylon  
  60  5:58  Psionic Storm  
  60  5:59  Probe x2  
  62  6:11  Probe x2  
  64  6:55  Adept x3  
  64  7:17  Gateway  
  64  7:22  Adept x4  
  64  7:36  Photon Cannon  
  64  7:44  Nexus  
  64  7:49  Adept x3  
  64  7:50  Adept  
  68  8:15  Protoss Ground Weapons Level 1  
  68  8:17  Observer  
  69  8:21  High Templar x2  
  69  8:23  High Templar x2  
  75  8:28  Archon  
  69  8:42  Assimilator  
  69  8:46  Assimilator  
  69  8:47  Probe x2  
  71  8:50  Pylon  
  71  8:52  Adept  
  73  8:56  Gateway  
  73  8:59  Probe x2  
  73  9:00  Gateway  
  73  9:02  Gateway  
  75  9:03  Gateway  
  75  9:04  Gateway  
  75  9:06  Gateway  
  75  9:07  Probe  
  76  9:11  Probe  
  77  9:20  Probe  
  78  9:32  Probe  
  79  9:39  Immortal  
  79  9:42  Robotics Bay  
  83  9:47  Forge  
  83  9:56  Probe  
  84  10:06  Charge  
  84  10:08  Probe  
  84  10:11  Protoss Ground Weapons Level 2 (Chrono Boost)  
  85  10:20  Immortal  
  89  10:30  Pylon  
  89  10:33  Pylon  
  89  10:34  Pylon  
  89  10:35  Adept x4  
  93  10:36  Adept, High Templar x3  
  105  10:49  Probe (Chrono Boost)  
  104  10:59  Probe (Chrono Boost)  
  95  11:10  Adept x2  
  95  11:11  Adept x2  
  95  11:12  Adept x3  
  95  11:13  Adept x4  
  109  11:22  Photon Cannon  
  109  11:30  Observer  
  109  11:32  Probe (Chrono Boost)  
  105  11:42  Probe (Chrono Boost)  
  105  11:50  Probe (Chrono Boost)  
  106  11:57  Photon Cannon  
  106  12:00  Photon Cannon  
  108  12:01  Probe x2 (Chrono Boost)  
  109  12:09  Probe (Chrono Boost), Colossus  
  115  12:23  High Templar  
  115  12:24  Stalker  
  115  12:25  Zealot x5  
  129  12:32  Probe (Chrono Boost)  
  130  12:45  Probe (Chrono Boost)  
  130  12:48  Nexus  
  130  12:49  Pylon  
  118  12:52  Pylon  
  118  12:57  Archon  
  111  12:59  Archon  
Show
View Real Time Build Order
Export as new Build Order

IlIIlIlIlIIl Terran 

Build Orders: Command Center First (CC), MMM Bio 

Get SALT Encoding   

  12  0:01  SCV  
  13  0:19  Supply Depot  
  13  0:20  SCV  
  14  0:32  SCV  
  15  0:44  SCV  
  16  0:56  SCV  
  17  1:07  Command Center  
  17  1:19  Barracks  
  17  1:21  SCV  
  18  1:37  SCV  
  19  1:58  Refinery  
  19  1:59  SCV  
  20  2:06  Supply Depot  
  20  2:08  Refinery  
  20  2:14  Barracks  
  20  2:15  Barracks  
  20  2:20  Marine  
  21  2:22  Orbital Command  
  21  2:27  Orbital Command  
  21  2:49  Marine  
  22  2:57  SCV x2  
  24  3:11  SCV x2  
  26  3:19  Barracks Tech Lab  
  26  3:20  Barracks Tech Lab  
  26  3:21  Barracks Reactor, Factory  
  26  3:27  Engineering Bay  
  26  3:28  SCV x2  
  28  3:40  SCV x2  
  30  3:42  Marine x2  
  30  3:44  Stimpack  
  30  3:47  Combat Shields  
  32  3:58  SCV x2, Refinery  
  32  3:59  Refinery  
  34  4:08  Terran Infantry Weapons Level 1  
  34  4:10  Widow Mine  
  36  4:17  Engineering Bay  
  36  4:22  SCV x2  
  38  4:27  Supply Depot x2  
  38  4:28  Supply Depot  
  38  4:46  Terran Infantry Armor Level 1  
  38  4:48  Widow Mine  
  38  4:49  SCV x2, Marauder x2, Marine x2  
  48  5:01  SCV x2  
  48  5:06  Marine x2  
  52  5:10  Concussive Shells  
  52  5:11  Marauder x2  
  52  5:14  SCV x2  
  58  5:20  Missile Turret  
  58  5:21  Missile Turret  
  58  5:27  Starport  
  58  5:34  Marauder, Marine x2  
  62  5:47  Supply Depot  
  62  5:48  Supply Depot  
  62  6:08  SCV x2  
  62  6:09  Marauder  
  66  6:11  Armory  
  66  6:13  Starport Tech Lab  
  66  6:16  Command Center, Starport Reactor  
  66  6:17  Factory Reactor  
  63  6:32  Supply Depot  
  60  6:35  Marine x2  
  60  6:37  Marauder x2  
  61  7:05  Marauder x2, Widow Mine x2  
  61  7:07  Marine x2  
  55  7:25  Marine  
  48  7:31  SCV x2  
  41  8:11  SCV x2  
  41  8:12  Marine x2  
  38  8:13  Marauder x2  
  43  8:23  SCV x2  
  39  8:39  Marine x2  
  39  8:40  Marauder x2, Widow Mine  
  47  8:45  SCV x2  
  47  8:54  Medivac x2  
  51  9:00  Orbital Command  
  47  9:21  SCV x2  
  42  9:25  Marauder, Marine x2  
  42  9:26  Widow Mine x2, Marauder  
  42  9:28  Medivac x2  
  52  9:34  SCV x2  
  52  9:35  SCV  
  55  9:51  Marauder, Marine x2  
  55  9:52  Marauder  
  61  9:57  Armory  
  61  10:03  Supply Depot x2  
  61  10:10  Marine x2  
  61  10:13  Widow Mine, Marauder x2  
  61  10:14  Widow Mine  
  67  10:15  SCV  
  67  10:16  SCV  
  73  10:28  Marine x2  
  57  11:24  Widow Mine x2  
  61  11:25  SCV  
  61  11:26  SCV x2  
  61  11:31  Liberator x2  
  58  11:45  Marine x2  
  58  11:46  Marauder x2  
  64  11:50  SCV x2  
  64  11:51  SCV  
  69  12:03  Marine x2  
  69  12:07  SCV, Marauder x2  
  69  12:08  SCV x2, Barracks  
  78  12:09  Barracks x2  
  78  12:10  Barracks x2  
  78  12:11  Barracks  
  78  12:18  Barracks x2  
  78  12:21  Marine x2, Widow Mine x2  
  84  12:25  SCV x2  
Tags
 
Add a new tag
Caveats
  • Supply blocks, unpowered buildings, or Contaminate may cause inaccurate times.
  • Supply counts are checked every 10 seconds.